 Dungeon Crawl Stone Soup version 0.29.0-4-gdea44cf6ec (webtiles) character file.

Game seed: 17109735085475921293

19 qw the Sneak (level 2, -1/23 HPs)
             Began as a Ghoul Enchanter on Sept 5, 2022.
             Slain by a jackal (3 damage)
             ... on level 1 of the Dungeon.
             The game lasted 00:00:31 (1403 turns).

qw the Sneak (Ghoul Enchanter)                      Turns: 1403, Time: 00:00:32

Health: -1/23      AC:  2    Str: 11    XL:     2   Next: 75%
Magic:  3/3        EV: 12    Int: 10    God:
Gold:   16         SH:  0    Dex:  9    Spells: 4/4 levels left

rFire   . . .      SeeInvis .     - Unarmed
rCold   + . .      Faith    .   (no shield)
rNeg    + + +      Spirit   .   b - +0 robe
rPois   inf        Reflect  .   (no helmet)
rElec   .          Harm     .   (no cloak)
rCorr   .          Rampage  .   (no gloves)
Will    .....                   (no boots)
Stlth   ++........              (no amulet)
HPRegen 0.00/turn               (no ring)
MPRegen 0.08/turn               (no ring)

@: inhibited regen
A: claws 1, cold resistance 1, negative energy resistance 3, inhibited
regeneration, torment resistance 2, devour on kill
a: no special abilities


You were on level 1 of the Dungeon.
You visited 1 branch of the dungeon, and saw 1 of its levels.

You collected 16 gold pieces.


Innate Abilities, Weirdness & Mutations

You are immune to poison.
You have sharp fingernails.
Your flesh is cold resistant. (rC+)
You are immune to negative energy. (rN+++)
You do not regenerate when monsters are visible.
You are immune to unholy pain and torment.
You thrive by killing the living.


   Skills:
 - Level 1.0 Fighting
 - Level 0.8 Short Blades
 - Level 1.7 Dodging
 - Level 3.2 Stealth
 + Level 2.1 Unarmed Combat
 - Level 1.7 Spellcasting
 - Level 2.4 Hexes


You had 4 spell levels left.
You didn't know any spells.
Your spell library contained the following spells:

 Spells                   Type           Power      Damage    Failure   Level
 Ensorcelled Hibernation  Hex/Ice        6%         N/A       30%         2
 Confusing Touch          Hex            5%         N/A       34%         3
 Tukima's Dance           Hex            5%         N/A       34%         3
 Dazzling Flash           Conj/Hex       6%         N/A       52%         3

Inventory:

Armour
 a - a +0 ring mail
 b - a +0 robe (worn)
 g - a +0 cloak
 i - a +0 pair of gloves
Scrolls
 d - a scroll of silence {unknown}
 e - a scroll of enchant weapon {unknown}
Potions
 c - 2 potions of invisibility
 f - a potion of heal wounds {unknown}
 h - a potion of degeneration {unknown}
 j - 3 potions of curing {unknown}

Dungeon Overview and Level Annotations

Branches:
Dungeon (1/15)

Altars:


Message History

You completely miss the jackal. You scratch the jackal.
The jackal is severely wounded.
The jackal bites you. x2
You miss the jackal.
The jackal is severely wounded.
The jackal barks!
The jackal misses you.
The jackal bites you but does no damage.
The jackal barely misses you.
The jackal pauses to sniff the ground.
The jackal bites you but does no damage.
You closely miss the jackal.
The jackal is severely wounded.
The jackal misses you. The jackal barely misses you.
The jackal closely misses you.
You scratch the jackal.
You kill the jackal!
You feel better. The jackal bites you. x2
You scratch the jackal but do no damage.
Your claw misses the jackal. The jackal bites you.
The jackal barely misses you. The jackal bites you. The jackal misses you.
You scratch the jackal.
The jackal is heavily wounded.
The jackal bites you. The jackal barely misses you. The jackal misses you.
The jackal closely misses you.
You barely miss the jackal.
The jackal is heavily wounded.
The jackal bites you. The jackal closely misses you. The jackal bites you. x2
The jackal closely misses you.
You scratch the jackal.
The jackal is almost dead.
The jackal bites you. x2
The jackal bites you but does no damage.
You closely miss the jackal.
The jackal is almost dead.
The jackal bites you. x2
You die...

####### #.....# #.....# .
#.....# ... #### #.....#
###.$..
...#####%....####h......
................@h...>^.
...#####.....####h..#+##
...# #.....# !..#
...########### ...#
########### #####...#.#
..........# #...#)..#.#.#
#########.###...#...#.#.#
........#.###...#####.#.#
#######.#.#.[...#####.#.#


You could see 3 jackals.

Vanquished Creatures
  A giant cockroach (D:1)
  2 goblins (D:1)
  2 hobgoblins (D:1)
  A jackal (D:1)
  A kobold (D:1)
  A quokka (D:1)
  3 ball pythons (D:1)
  A bat (D:1)
  5 frilled lizards (D:1)
  3 rats (D:1)
20 creatures vanquished.

Notes
Turn   | Place    | Note
-------+----------+-------------------------------------------
     0 | D:1      | qw the Ghoul Enchanter began the quest for the Orb.
     0 | D:1      | Reached XP level 1. HP: 14/14 MP: 2/2
     0 | D:1      | 0 ||| qw: Version: 0.1-a-104-g96f76f8
     0 | D:1      | 0 ||| qw: Game counter: 5874
     0 | D:1      | 0 ||| qw: Always use a shield: true
     0 | D:1      | 0 ||| qw: God list: Okawaru
     0 | D:1      | 0 ||| qw: Allow faded altars: false
     0 | D:1      | 0 ||| qw: Do Orc after D:15 true
     0 | D:1      | 0 ||| qw: Do second Lair branch before Depths: true
     0 | D:1      | 0 ||| qw: Lair rune preference: random
     0 | D:1      | 0 ||| qw: Plans: Normal
     0 | D:1      | 0 ||| PLANNING D:1-11
     1 | D:1      | 1 ||| DROPPING +1 dagger.
   280 | D:1      | Reached skill level 1 in Unarmed Combat
   460 | D:1      | HP: 2/15 [kobold/+0 short sword (4)]
   745 | D:1      | Reached skill level 1 in Fighting
   745 | D:1      | Reached XP level 2. HP: 23/23 MP: 3/3
   857 | D:1      | Found a faded altar of an unknown god.
  1402 | D:1      | HP: 5/23 [jackal (3)]
  1403 | D:1      | HP: 2/23 [jackal (3)]
  1403 | D:1      | Slain by a jackal

Levels and vault maps discovered:
D:1:      zelgadis_glass_arrival_large, layout_basic, serial_curves,
          eino_curves_03, eino_curves_02, chequers_ecumenical_altar_simple

Skill      XL: |  1  2 |
---------------+-------+-----
Unarmed Combat | 1 2 |  2.1
Fighting       | 1 |  1.0
Short Blades   | |  0.8
Dodging        | |  1.7
Stealth        | |  3.2
Spellcasting   | |  1.7
Hexes          | |  2.4

Action                   || total
-------------------------++-------
Melee: Unarmed           ||    84
Armor: Robe              ||    17
Dodge: Dodged            ||    52

Table legend:
 A = Non-vault XP
 B = Vault XP
 C = Vault XP percentage of total XP
 D = Non-vault monster count
 E = Vault monster count
 F = Vault count percentage of total count
                 A         B        C        D         E       F
            +---------+---------+-------+---------+---------+-------
      Total |      28 |       0 |   0.0 |      20 |       0 |   0.0
            +---------+---------+-------+---------+---------+-------
        D:1 |      28 |       0 |   0.0 |      20 |       0 |   0.0
            +---------+---------+-------+---------+---------+-------
